 Dungeon Crawl Stone Soup version 0.22.0-27-ga576289 (webtiles) character file.

2371 KLATTERAL the Ducker (level 9, -1/65 HPs)
             Began as a Demonspawn Warper on Aug 21, 2018.
             Slain by an orc warrior
             ... wielding a +0 war axe
              (4 damage)
             ... on level 6 of the Dungeon.
             The game lasted 00:54:29 (9047 turns).

KLATTERAL the Ducker (Demonspawn Warper)            Turns: 9047, Time: 00:54:32

Health: -1/65      AC: 17    Str: 14    XL:     9   Next: 21%
Magic:  10/16      EV: 12    Int: 14    God:
Gold:   188        SH:  2    Dex: 18    Spells: 13/17 levels left

rFire    + + .     SeeInvis .   c - +4 quarterstaff (chaos)
rCold    . . .     Gourm    .   (shield currently unavailable)
rNeg     + . .     Faith    .   w - +4 scale mail {rF+}
rPois    .         Spirit   .   (no helmet)
rElec    .         Reflect  +   s - +2 cloak
rCorr    .         Harm     .   z - +2 pair of gloves
MR       .....                  (no boots)
Stlth    ++........             i - +2 amulet of reflection
HPRegen  0.20/turn              j - ring of protection from fire
MPRegen  0.15/turn              A - ring of positive energy

@: very slightly contaminated
A: thin skeletal structure 2, spiny 3
a: no special abilities


You were on level 6 of the Dungeon.
You were not hungry.

You visited 1 branch of the dungeon, and saw 6 of its levels.

You collected 270 gold pieces.
You spent 82 gold pieces at shops.

Inventory:

Hand Weapons
 c - a +4 quarterstaff of chaos (weapon)
 x - a +0 short sword
 y - a +0 dagger of distortion
Missiles
 b - 17 arrows
 f - 5 tomahawks of dispersal (quivered)
Armour
 s - a +2 cloak (worn)
 w - a +4 scale mail of fire resistance (worn)
 z - a +2 pair of gloves (worn)
Jewellery
 i - a +2 amulet of reflection (around neck)
 j - a ring of protection from fire (left hand)
 p - an uncursed amulet of guardian spirit {unknown}
 q - an uncursed amulet of guardian spirit {unknown}
 r - an uncursed amulet of harm
 u - an uncursed ring of flight
 A - a ring of positive energy (right hand)
Wands
 l - a wand of paralysis (12)
Scrolls
 d - 2 scrolls of blinking
 g - 4 scrolls of identify
 k - 4 scrolls of remove curse
 o - a scroll of amnesia {unknown}
 t - a scroll of vulnerability {unknown}
Potions
 e - a potion of berserk rage {unknown}
 h - a potion of brilliance
 m - a potion of curing
 n - a potion of mutation {unknown}
 v - 2 potions of ambrosia {unknown}
Comestibles
 a - 5 rations


   Skills:
 + Level 3.8 Fighting
   Level 0.2(1.9) Axes
   Level 3.1(4.4) Polearms
 + Level 4.7(5.2) Staves
 - Level 0.8 Throwing
 + Level 3.9 Armour
 * Level 5.7 Dodging
 + Level 3.5 Stealth
 + Level 4.7 Spellcasting
 + Level 3.4 Translocations
 + Level 1.5 Transmutations


You had 13 spell levels left.
You knew the following spells:

 Your Spells              Type           Power        Failure   Level  Hunger
a - Blink                 Tloc           N/A          26%         2    ##.....
b - Sticks to Snakes      Tmut           #.......     50%         2    ##.....

Your spell library contained the following spells:

 Spells                   Type           Power        Failure   Level  Hunger
 Beastly Appendage        Tmut           #.....       36%         1    None
 Shroud of Golubria       Chrm/Tloc      #.........   45%         2    ##.....
 Gell's Gravitas          Tloc           ##........   45%         3    ###....
 Lesser Beckoning         Tloc           ##........   45%         3    ###....
 Teleport Other           Tloc           ##......     45%         3    ###....
 Spider Form              Tmut/Pois      #.........   83%         3    ###....
 Passage of Golubria      Tloc           N/A          86%         4    ####...
 Ice Form                 Ice/Tmut       #.......     99%         4    ####...
 Blade Hands              Tmut           #.........   100%        5    ######.


Dungeon Overview and Level Annotations

Branches:
Dungeon (6/15)
 Temple: D:4-7

Altars:
Cheibriados
Fedhas
Hepliaklqana
Qazlal
Ru

Shops:
D:4 =


Innate Abilities, Weirdness & Mutations

You have a moderately thin skeletal structure. (Dex +4, Stealth+)
You are completely covered in sharp spines.


Message History

You hit the orc warrior.
The orc warrior is severely wounded.
The orc warrior hits you with a war axe!
* * * LOW HITPOINT WARNING * * *
Casting: Blink (safe; 26% risk of failure)
Confirm with . or Enter, or press ? or * to list all spells.
You blink.
Unknown command.
Casting: Blink (safe; 26% risk of failure)
Confirm with . or Enter, or press ? or * to list all spells.
You miscast Sticks to Snakes.
You are very lightly contaminated with residual magic.
Nothing appears to happen.
Casting: Sticks to Snakes (safe; 50% risk of failure)
Confirm with . or Enter, or press ? or * to list all spells.
You miscast Sticks to Snakes.
Multicoloured lights dance before your eyes!
The orc warrior is struck by your spines.
The orc warrior hits you with a war axe.
You die...

.##.....#
#≈≈≈≈≈#.##.....###.
.######.# #≈8.8≈#..#.###<#
#. .# #.#
#≈._.≈#.#...##.###. .# #.#
#≈8.8≈#.†......)... .# #.#
#≈≈.≈≈#.#...######. .####
#.# ###'###.##.## #..
....###.#######......###.#
#.#
###.............########.#
#..
#####..>......@o.o.....#
### ####################


You could see an orc warrior and an orc.

Vanquished Creatures
  An unseen horror (D:6)
  The ghost of Anothat the Chopper, a novice DsGl of Ru (D:4)
  The ghost of raikaria the Chiller, an amateur TeIE (D:5)
  A porcupine (shapeshifter) (D:5)
  Duvessa (D:4)
  An ice beast (D:5)
  An ogre (D:4)
  A centaur (D:5)
  3 scorpions
  Dowan (D:4)
  An electric eel (D:6)
  A howler monkey (D:5)
  A crimson imp (D:6)
  2 orc priests
  A hound (D:4)
  6 orc wizards
  Crazy Yiuf (D:3)
  2 worker ants
  8 gnolls
  10 adders
  2 river rats (D:4)
  A shadow imp (D:5)
  An ooze (D:4)
  5 worms
  4 dart slugs
  5 leopard geckos
  12 orcs
  4 giant cockroaches
  3 goblins
  10 hobgoblins
  3 jackals
  14 kobolds
  2 quokkas
  2 ball pythons
  8 bats
  7 frilled lizards
  A jackal skeleton (D:5)
  2 quokka zombies
  10 rats
141 creatures vanquished.

Vanquished Creatures (collateral kills)
  A kobold (D:5)
1 creature vanquished.

Grand Total: 142 creatures vanquished

Notes
Turn   | Place    | Note
-------+----------+-------------------------------------------
     0 | D:1      | KLATTERAL the Demonspawn Warper began the quest for the Orb.
     0 | D:1      | Reached XP level 1. HP: 16/16 MP: 3/3
   336 | D:1      | Reached skill level 2 in Dodging
   356 | D:1      | Reached skill level 1 in Armour
   356 | D:1      | Gained mutation: You have a somewhat thin skeletal structure. (Dex +2, Stealth) [demonic ancestry]
   356 | D:1      | Reached XP level 2. HP: 17/22 MP: 5/5
   601 | D:1      | Learned a level 2 spell: Blink
  1466 | D:2      | Reached skill level 1 in Stealth
  1466 | D:2      | Reached XP level 3. HP: 24/27 MP: 6/6
  2262 | D:2      | Gained mutation: You are partially covered in sharp spines. [demonic ancestry]
  2262 | D:2      | Reached XP level 4. HP: 22/34 MP: 7/7
  3264 | D:3      | Found a faded altar of an unknown god.
  3394 | D:3      | Gained mutation: You are mostly covered in sharp spines. [demonic ancestry]
  3394 | D:3      | Reached XP level 5. HP: 33/39 MP: 8/8
  3807 | D:3      | Reached skill level 3 in Dodging
  4175 | D:3      | Found a runed door.
  4179 | D:3      | Noticed Crazy Yiuf
  4189 | D:3      | Killed Crazy Yiuf
  4189 | D:3      | Gained mutation: You are completely covered in sharp spines. [demonic ancestry]
  4189 | D:3      | Reached XP level 6. HP: 14/46 MP: 9/9
  4566 | D:4      | Learned a level 2 spell: Sticks to Snakes
  4823 | D:4      | Found a runed door.
  4829 | D:4      | Noticed Anothat's ghost (novice DsGl)
  5211 | D:4      | Found a runed door.
  5264 | D:4      | Noticed Dowan
  5272 | D:4      | Noticed Duvessa
  5346 | D:4      | Killed Dowan
  6008 | D:4      | Found Zuaz's Jewellery Shoppe.
  6017 | D:4      | Bought a +2 amulet of reflection for 82 gold pieces
  6039 | D:4      | Reached XP level 7. HP: 51/51 MP: 11/11
  6066 | D:4      | Found a snail-covered altar of Cheibriados.
  6756 | D:5      | Entered Level 5 of the Dungeon
  6761 | D:5      | Reached skill level 1 in Staves
  6797 | D:5      | Reached skill level 4 in Dodging
  6830 | D:5      | Found a runed gate.
  6831 | D:5      | Noticed raikaria's ghost (amateur TeIE)
  6832 | D:5      | Found a runed gate.
  6832 | D:5      | Found a runed gate.
  7535 | D:5      | Reached XP level 8. HP: 58/58 MP: 12/12
  7590 | D:5      | Found a hazy altar of Hepliaklqana.
  7827 | D:5      | Killed raikaria's ghost
  8234 | D:4      | Killed Anothat's ghost
  8234 | D:4      | Reached skill level 5 in Dodging
  8336 | D:4      | Killed Duvessa
  8336 | D:4      | Reached skill level 1 in Transmutations
  8723 | D:6      | Found a blossoming altar of Fedhas.
  8738 | D:6      | Killed an unseen horror
  8738 | D:6      | Gained mutation: You have a moderately thin skeletal structure. (Dex +4, Stealth+) [demonic ancestry]
  8738 | D:6      | Reached XP level 9. HP: 57/65 MP: 15/15
  8778 | D:6      | Found a stormy altar of Qazlal.
  8858 | D:6      | Found a sacrificial altar of Ru.
  9043 | D:6      | HP: 2/65 [orc warrior/war axe (12)]
  9047 | D:6      | Slain by an orc warrior

Skill      XL: |  1  2  3  4  5  6  7  8 |
---------------+-------------------------+-----
Dodging        | 2 3 4 5 |  5.7
Armour         | 1 2 3 |  3.9
Polearms       | 2 3 |  3.1
Stealth        | 1 2 3 |  3.5
Translocations | 3 |  3.4
Staves         | 2 4 |  4.7
Spellcasting   | 3 4 |  4.7
Fighting       | 3 |  3.8
Transmutations | 1 |  1.5
Axes           | |  0.2
Throwing       | |  0.8

Action                   |  1- 3 |  4- 6 |  7- 9 || total
-------------------------+-------+-------+-------++-------
Melee: Spear             |   186 |    98 |       ||   284
       Hand axe          |       |    26 |       ||    26
       Quarterstaff      |       |    15 |   132 ||   147
 Cast: Blink             |     5 |    16 |     5 ||    26
       Sticks to Snakes  |       |       |     7 ||     7
 Abil: Evoke Flight      |       |     1 |       ||     1
  Use: Potion            |     2 |     1 |     1 ||     4
       Scroll            |       |     4 |       ||     4
 Stab: Sleeping          |     6 |     7 |     2 ||    15
       Distracted        |       |     1 |     1 ||     2
       Confused          |       |       |     1 ||     1
  Eat: Chunk             |     5 |     8 |     5 ||    18
       Ration            |       |     1 |     2 ||     3
Armor: Leather armour    |    61 |    28 |    24 ||   113
       Scale mail        |       |       |    13 ||    13
Dodge: Dodged            |   137 |    63 |    59 ||   259
Block: Other             |       |       |     7 ||     7
       Reflection        |       |       |     1 ||     1
